 Dungeon Crawl Stone Soup version 0.21-a0-630-g344d351 (webtiles) character file.

13 slep the Slasher (level 2, -5/22 HPs)
             Began as a Demonspawn Gladiator on Dec 27, 2017.
             Slain by a hobgoblin
             ... wielding a +0 club
              (7 damage)
             ... on level 1 of the Dungeon.
             The game lasted 00:01:08 (217 turns).

slep the Slasher (Demonspawn Gladiator)              Turns: 217, Time: 00:01:08

Health: -5/22      AC:  3    Str: 14    XL:     2   Next: 24%
Magic:  2/2        EV: 12    Int:  9    God:
Gold:   27         SH:  0    Dex: 14    Spells: 1/1 levels left

rFire    . . .     SeeInvis .   a - +0 long sword
rCold    . . .     Gourm    .   (no shield)
rNeg     . . .     Faith    .   b - +0 leather armour
rPois    .         Spirit   .   (helmet restricted)
rElec    .         Reflect  .   (no cloak)
rCorr    .         Harm     .   (no gloves)
MR       .....                  (no boots)
Stlth    +.........             (no amulet)
HPRegen  0.07/turn              (no ring)
MPRegen  0.08/turn              (no ring)

@: no status effects
A: horns 1
a: no special abilities


You were on level 1 of the Dungeon.
You were not hungry.

You visited 1 branch of the dungeon, and saw 1 of its levels.

You collected 27 gold pieces.

Inventory:

Hand Weapons
 a - a +0 long sword (weapon)
Missiles
 d - 3 throwing nets (quivered)
Armour
 b - a +0 leather armour (worn)
 c - a +0 helmet
Scrolls
 e - a scroll of identify {unknown}
 g - a scroll of amnesia {unknown}
 h - a scroll of enchant weapon {unknown}
 j - a scroll of teleportation {unknown}
Potions
 i - a potion of curing {unknown}
Comestibles
 f - 3 rations


   Skills:
 + Level 2.1 Fighting
 + Level 3.1 Long Blades
 + Level 2.0 Throwing
 + Level 2.7 Dodging


You had one spell level left.
You didn't know any spells.

Dungeon Overview and Level Annotations

Branches:
Dungeon (1/15)

Altars:


Innate Abilities, Weirdness & Mutations

You have a pair of small horns on your head.


Message History

The bat hits you but does no damage. The bat closely misses you.
You riposte.
You miss the bat. You headbutt the bat.
You kill the bat!
Found an escape hatch in the floor.
Found a stone staircase leading down.
f - 3 rations (gained 1)
j - a scroll labeled EJULLOIMUN A hobgoblin comes into view.
It is wielding a club.
The hobgoblin shouts!
The hobgoblin hits you with a club.
You barely miss the hobgoblin. You headbutt the hobgoblin.
The hobgoblin is heavily wounded.
The hobgoblin hits you with a club.
You hit the hobgoblin.
The hobgoblin is almost dead.
The hobgoblin hits you with a club.
* * * LOW HITPOINT WARNING * * *
Your leather armour prevents you from hitting the hobgoblin.
The hobgoblin is almost dead.
The hobgoblin hits you with a club!
You die...

.# #.#.######..##.## .#
#.#.#............. .
#.#)#.#.....##.#>.
.....#.#.#.####.# ..
###.##.#.#.#...#.. > #
#.##.......##...#
##..........##.###
#...#.....#....####.##.
##...##...##....@g......
.....###.###....#######.
..###.##.##.###.#
...###.#.#.###..#
#...###.#.###...#
.......#<#......#
....###.#.###...#
...###.#.#.###..#
..###.##.##.###.#


You could see a hobgoblin.

Vanquished Creatures
  A dart slug (D:1)
  4 kobolds (D:1)
  2 bats (D:1)
  A goblin (D:1)
  5 rats (D:1)
13 creatures vanquished.

Notes
Turn   | Place    | Note
-------+----------+-------------------------------------------
     0 | D:1      | slep the Demonspawn Gladiator began the quest for the Orb.
     0 | D:1      | Reached XP level 1. HP: 16/16 MP: 1/1
    71 | D:1      | Reached skill level 3 in Long Blades
    71 | D:1      | Gained mutation: You have a pair of small horns on your head. [demonic ancestry]
    71 | D:1      | Reached XP level 2. HP: 5/22 MP: 2/2
   217 | D:1      | Slain by a hobgoblin

Vault maps used:
D:1:      roderic_crossed_star

Skill      XL: |  1  2 |
---------------+-------+-----
Long Blades    | 3 |  3.1
Throwing       | 2 |  2.0
Fighting       | |  2.1
Dodging        | |  2.7

Action                   || total
-------------------------++-------
Melee: Long sword        ||    31
       Headbutt          ||     5
Armor: Leather armour    ||     6
Dodge: Dodged            ||    22
       Rpst.: Long sword ||     6

Table legend:
 A = Spawn XP
 B = Non-spawn XP
 C = Spawn XP percentage of total XP
 D = Spawn monster count
 E = Non-spawn monster count
 F = Spawn count percentage of total count
 G = Total turns spent on level
                    A         B        C        D         E        F      G
               +---------+---------+-------+---------+---------+-------+---------
         Total |       0 |      19 |   0.0 |       0 |      13 |   0.0 |   217
               +---------+---------+-------+---------+---------+-------+---------
           D:1 |       0 |      19 |   0.0 |       0 |      13 |   0.0 |   217
               +---------+---------+-------+---------+---------+-------+---------
